 Dungeon Crawl Stone Soup version 0.31-a0-845-g9abc20d24f (webtiles) character file.

Game seed: 2015718111255228302

10525 Nattfarinn the Spear-Bearer (level 11, -7/62 HPs)
             Began as a Gargoyle Venom Mage on Oct 3, 2023.
             Was a Priest of Vehumet.
             Killed from afar by a starcursed mass (10 damage)
             ... with an accursed screaming
             ... on level 2 of the Abyss.
             The game lasted 00:29:10 (10325 turns).

Nattfarinn the Spear-Bearer (Gargoyle Venom Mage)  Turns: 10325, Time: 00:29:11

Health: -7/62      AC: 16    Str: 21    XL:     11   Next: 63%
Magic:  27/27      EV: 11    Int: 21    God:    Vehumet [***...]
Gold:   213        SH:  5    Dex: 10    Spells: 5/20 levels left

rFire   + . .        H - +9 demon blade of Nuulas {flame, rN+ rCorr Str+4}
rCold   + . .        (no shield)
rNeg    + + +        a - +0 robe
rPois   ∞            r - +2 hat {SInv}
rElec   +            g - +0 cloak
rCorr   +            (no gloves)
SInv    +            l - +2 pair of boots
Will    .....        G - amulet of Neanaf {Reflect rN+ rCorr SH+5 SInv}
Stlth   ++           E - ring of magical power
HPRegen 0.30/turn    e - +6 ring of strength
MPRegen 0.20/turn

%: reflection
@: resistant
A: sickness immunity, AC +8, negative energy resistance 1, electricity
resistance, torment resistance 1, petrification resistance, frail 1
a: Renounce Religion


You were on level 2 of the Abyss.
You worshipped Vehumet.
Vehumet was most pleased with you.
You visited 2 branches of the dungeon, and saw 15 of its levels.
You visited the Abyss 1 time.

You collected 591 gold pieces.
You spent 378 gold pieces at shops.

Inventory:

Hand Weapons
 b - a +6 scythe of freezing
 H - the +9 demon blade of Nuulas (weapon) {flame, rN+ rCorr Str+4}
   (You found it on level 10 of the Dungeon)

   Str+4:     It affects your strength (+4).
   rN+:       It protects you from negative energy.
   rCorr:     It protects you from acid and corrosion.
Missiles
 w - a throwing net
Armour
 a - a +0 robe (worn)
 g - a +0 cloak (worn)
 l - a +2 pair of boots (worn)
 n - a +0 helmet of intelligence
 r - a +2 hat of see invisible (worn)
Jewellery
 e - a +6 ring of strength (right hand)
 f - a ring of positive energy
 E - a ring of magical power (left hand)
 G - the amulet of Neanaf (around neck) {Reflect rN+ rCorr SH+5 SInv}
   (You found it on level 10 of the Dungeon)

   [amulet of reflection]

   Reflect:   It reflects blocked missile attacks.
   rN+:       It protects you from negative energy.
   SInv:      It lets you see invisible.
   rCorr:     It protects you from acid and corrosion.
   SH+5:      It affects your SH (+5).
Wands
 v - a wand of flame (32)
 y - a wand of roots (2)
Scrolls
 j - 3 scrolls of vulnerability
 p - a scroll of torment
 z - a scroll of amnesia
 A - 3 scrolls of revelation
Potions
 i - 3 potions of enlightenment
 k - a potion of berserk rage
 m - 3 potions of might
 o - a potion of cancellation
 q - 3 potions of mutation
 u - a potion of attraction
 I - a potion of invisibility {unknown}
 J - a potion of degeneration {unknown}


   Skills:
 - Level 8.7 Fighting
 * Level 6.8 Long Blades
 - Level 10.3 Polearms
 - Level 1.5 Dodging
 - Level 2.1 Stealth
 - Level 5.0 Spellcasting
 - Level 0.7 Transmutations
 - Level 5.8 Earth Magic
 - Level 6.0 Poison Magic


You had 5 spell levels left.
You knew the following spells:

 Your Spells              Type           Power      Damage    Failure   Level
a - Sting                 Tmut/Pois      76%        1d6       2%          1
b - Poisonous Vapours     Pois/Air       36%        N/A       1%          2
c - Mephitic Cloud        Conj/Pois/Air  13%        N/A       4%          3
d - Olgreb's Toxic Radia  Pois           30%        N/A       2%          4
e - Lee's Rapid Deconstr  Erth           14%        3d9*      7%          5

Your spell library contained the following spells:

 Spells                   Type           Power      Damage    Failure   Level
 Inner Flame              Hex/Fire       5%         N/A       9%          3
 Magic Dart               Conj           20%        1d4       3%          1
 Searing Ray              Conj           10%        2d4       4%          2
 Lesser Beckoning         Tloc           10%        N/A       16%         2
 Fulminant Prism          Conj/Hex       2%         3d5       26%         4
 Gell's Gravitas          Tloc           5%         N/A       32%         3
 Teleport Other           Tloc           5%         N/A       32%         3
 Animate Armour           Summ/Erth      34%        N/A       32%         4
 Summon Lightning Spire   Summ/Air       5%         N/A       71%         4


Dungeon Overview and Level Annotations

Branches:
Dungeon (14/15)            Temple (1/1) D:5
   Lair: D:8-11         Orc: D:9-12      Vaults: D:13-14

Altars:
Ashenzari
Cheibriados
Dithmenos
Elyvilon
Fedhas
Gozag
Hepliaklqana
Kikubaaqudgha
Makhleb
Nemelex Xobeh
Okawaru
Ru
Sif Muna
Trog
Uskayaw
Vehumet
Wu Jian
Xom
Yredelemnul
Zin
The Shining One

Shops:
D:3 [   D:9 !   D:10 **

Annotations:
D:5 3 runed translucent doors, Opifex's ghost, novice OpMo
D:6 1 runed translucent door, Opifex's ghost, novice TrCK


Innate Abilities, Weirdness & Mutations

You are immune to sickness and miasma.
Your stone body is resilient. (AC +8)
You are immune to poison.
You resist negative energy. (rN+)
You are resistant to electric shocks. (rElec)
You are resistant to unholy torment.
You are immune to petrification.
You are frail. (-10% HP)


Message History

The starcursed mass shudders and is absorbed by its neighbour.
You feel better.
You hit the starcursed mass but do no damage.
The starcursed mass is lightly damaged.
A starcursed mass splits.
You slash the starcursed mass! You burn the starcursed mass.
The starcursed mass is heavily damaged.
The starcursed mass shudders and is absorbed by its neighbour.
A chorus of shrieks assaults your mind.
You slash the neqoxec! You burn the neqoxec. Your punch misses the neqoxec.
The neqoxec is moderately wounded.
You slash the starcursed mass! You burn the starcursed mass.
The starcursed mass is heavily damaged.
The starcursed mass shudders and is absorbed by its neighbour.
A starcursed mass splits.
The starcursed mass shrieks in your mind.
The neqoxec gestures at you.
Strange energies course through your body.
You feel frail.
You hit the soul eater but do no damage.
The soul eater misses you.
You slash the soul eater! You burn the soul eater.
The soul eater is moderately wounded.
A starcursed mass splits.
The soul eater hits you.
* * * LOW HITPOINT WARNING * * *
You hit the soul eater. You burn the soul eater.
The soul eater is moderately wounded.
The soul eater hits you!
* * * LOW HITPOINT WARNING * * *
You barely miss the soul eater.
The soul eater is moderately wounded.
A chorus of shrieks assaults your mind.
* * * LOW HITPOINT WARNING * * *
The soul eater hits you.
* * * LOW HITPOINT WARNING * * *
Okay, then.
You slice the soul eater!! You burn the soul eater.
The soul eater is severely wounded.
A chorus of shrieks assaults your mind.
You die...

.# ..# ## #
#.. . . ...
#.##.###. .##
. # ...####
.. .... #.
X###....#.# #
#...
.X.....∩...#.
##
.#.#..§......
....
#..#§XX3.
.#.# .... ##
##3X ..# # #.
# #@##.#. ..#
# ### . ...#.
#.##.# 3 .


You could see 3 starcursed masses and a soul eater.

Vanquished Creatures
  Erica (D:10)
  An ugly thing (D:8)
  2 gargoyles
  5 orange demons (D:11)
  A komodo dragon (D:11)
  2 trolls
  Grinder (D:4)
  A hornet (D:9)
  A slime creature (D:8)
  Sigmund (D:3)
  A vampire (D:10)
  2 shadows
  6 yaks (D:9)
  A wraith (D:11)
  2 wyverns
  A steam dragon (D:8)
  4 vampire mosquitoes
  2 acid dragons (D:10)
  4 water moccasins
  3 sky beasts
  7 orc warriors
  2 wolves (D:11)
  An ogre (D:5)
  A centaur (D:7)
  2 phantoms (D:4)
  3 kobold brigands
  3 bullfrogs
  2 scorpions
  A wight (D:8)
  A killer bee (D:8)
  A lava snake (D:7)
  A gnoll bouda (D:5)
  5 hounds
  3 jellies
  5 orc priests
  4 iguanas
  Natasha (thrice) (D:2)
  5 orc wizards
  Terence (D:2)
  Robin (D:3)
  7 adders
  13 gnolls
  2 shadow imps
  A white imp (D:8)
  3 ufetubi
  5 worms
  2 dart slugs
  26 orcs
  2 ball pythons
  8 endoplasms
  7 giant cockroaches
  10 goblins
  8 hobgoblins
  3 jackals (D:2)
  23 kobolds
  4 quokkas
  5 bats
  2 frilled lizards (D:1)
  2 rats
227 creatures vanquished.

Notes
Turn   | Place    | Note
-------+----------+-------------------------------------------
     0 | D:1      | Nattfarinn the Gargoyle Venom Mage began the quest for the
                  | Orb.
     0 | D:1      | Reached XP level 1. HP: 10/10 MP: 3/3
   315 | D:1      | Reached XP level 2. HP: 15/15 MP: 0/5
   992 | D:2      | Noticed Terence
  1010 | D:2      | Killed Terence
  1011 | D:2      | Reached XP level 3. HP: 19/19 MP: 7/7
  1233 | D:2      | Noticed Natasha
  1243 | D:2      | Killed Natasha
  1244 | D:2      | Reached XP level 4. HP: 14/24 MP: 0/8
  1501 | D:2      | Found a faded altar of an unknown god.
  1871 | D:2      | Noticed Natasha
  1879 | D:2      | Killed Natasha
  1930 | D:2      | Noticed Natasha
  1937 | D:2      | Killed Natasha
  1938 | D:2      | Reached XP level 5. HP: 19/28 MP: 3/10
  2394 | D:3      | Found Demn's Armour Shoppe.
  2402 | D:3      | Bought a +0 helmet of intelligence for 126 gold pieces
  2453 | D:3      | Identified the +0 helmet of Fae Liberty {MP+9}
  2453 | D:3      | Noticed Robin
  2505 | D:3      | Killed Robin
  2623 | D:3      | Learned a level 2 spell: Poisonous Vapours
  3131 | D:3      | Noticed Sigmund
  3189 | D:2      | Learned a level 3 spell: Mephitic Cloud
  3198 | D:3      | Killed Sigmund
  3199 | D:3      | Reached skill level 5 in Poison Magic
  3199 | D:3      | Reached XP level 6. HP: 27/32 MP: 1/12
  3208 | D:3      | Learned a level 4 spell: Olgreb's Toxic Radiance
  3665 | D:3      | Found a blossoming altar of Fedhas.
  4032 | D:4      | Reached skill level 5 in Spellcasting
  4032 | D:4      | Reached XP level 7. HP: 30/36 MP: 14/14
  4086 | D:4      | Reached skill level 1 in Polearms
  4110 | D:4      | Noticed Grinder
  4117 | D:4      | Killed Grinder
  4118 | D:4      | Reached skill level 2 in Polearms
  4121 | D:4      | Reached skill level 3 in Polearms
  4467 | D:5      | Entered Level 5 of the Dungeon
  4472 | D:5      | Reached XP level 8. HP: 45/45 MP: 12/15
  4784 | D:5      | Found a staircase to the Ecumenical Temple.
  4799 | Temple   | Entered the Ecumenical Temple
  4899 | Temple   | Became a worshipper of Vehumet
  4989 | D:5      | Reached skill level 4 in Polearms
  5323 | D:5      | Found a runed translucent gate.
  5324 | D:5      | Found a runed translucent gate.
  5324 | D:5      | Noticed Opifex's ghost (novice OpMo)
  5325 | D:5      | Found a runed translucent gate.
  5606 | D:6      | Reached skill level 5 in Polearms
  5719 | D:6      | Found a basalt altar of Yredelemnul.
  5811 | D:6      | Found a runed translucent door.
  5817 | D:6      | Noticed Opifex's ghost (novice TrCK)
  6515 | D:6      | Found a glowing golden altar of the Shining One.
  6587 | D:6      | Found a sacrificial altar of Ru.
  6698 | D:7      | Reached skill level 5 in Fighting
  6698 | D:7      | Reached skill level 6 in Polearms
  6698 | D:7      | Reached XP level 9. HP: 54/54 MP: 10/16
  6894 | D:7      | Learned a level 5 spell: Lee's Rapid Deconstruction
  6919 | D:7      | Reached * piety under Vehumet
  6919 | D:7      | Offered knowledge of Kiss of Death by Vehumet.
  6924 | D:7      | Found a burning altar of Makhleb.
  7035 | D:7      | Found a broken altar of Ashenzari.
  7097 | D:7      | Found a white marble altar of Elyvilon.
  7352 | D:8      | Reached skill level 7 in Polearms
  7656 | D:8      | Noticed a cyan ugly thing
  7658 | D:8      | Noticed a troll
  7667 | D:8      | Killed a cyan ugly thing
  7668 | D:8      | Reached skill level 8 in Polearms
  7672 | D:8      | Killed a troll
  7675 | D:8      | Reached XP level 10. HP: 45/63 MP: 10/17
  7764 | D:8      | Offered knowledge of Freeze by Vehumet.
  7768 | D:8      | Reached ** piety under Vehumet
  7769 | D:8      | Reached skill level 9 in Polearms
  7863 | D:8      | Noticed a fire dragon
  7864 | D:8      | Noticed a deep elf pyromancer
  7948 | D:9      | Found Unludez's Distillery.
  7956 | D:9      | Bought a potion of enlightenment for 70 gold pieces
  7956 | D:9      | Bought a potion of attraction for 42 gold pieces
  7956 | D:9      | Bought a potion of haste for 140 gold pieces
  8040 | D:9      | Found an ancient bone altar of Kikubaaqudgha.
  8241 | D:9      | Reached skill level 10 in Polearms
  8384 | D:9      | Found a shimmering blue altar of Sif Muna.
  8482 | D:9      | Offered knowledge of Inner Flame by Vehumet.
  8745 | D:10     | Entered Level 10 of the Dungeon
  8816 | D:10     | Found an iron altar of Okawaru.
  8845 | D:10     | Found Nixkiaso's Demolitions Depot.
  8903 | D:10     | Noticed a gargoyle
  8991 | D:10     | Reached skill level 1 in Earth Magic
  8997 | D:10     | Identified the amulet of Neanaf {Reflect rN+ rCorr SH+5
                  | SInv}
  9029 | D:10     | Found Pesmeng's Assorted Antiques.
  9119 | D:10     | Killed a gargoyle
  9212 | D:10     | Noticed Erica
  9298 | D:10     | Identified the +9 demon blade of Nuulas {flame, rN+ rCorr
                  | Str+4}
  9300 | D:10     | Killed Erica
  9301 | D:10     | Reached skill level 5 in Earth Magic
  9301 | D:10     | Reached XP level 11. HP: 69/69 MP: 18/18
  9344 | D:10     | Reached skill level 1 in Long Blades
  9453 | D:10     | Found an ornate altar of the Wu Jian Council.
  9595 | D:10     | Found an opulent altar of Gozag.
  9765 | D:10     | Reached *** piety under Vehumet
  9975 | D:11     | Reached skill level 5 in Long Blades
 10146 | D:11     | You fall into a shaft and drop 3 floors!
 10198 | D:14     | Noticed a wizard
 10209 | D:12     | Noticed a wizard
 10209 | D:12     | Noticed a deep elf pyromancer
 10209 | D:12     | Noticed Frances
 10212 | D:12     | Noticed a deep elf pyromancer
 10212 | D:12     | Noticed a deep elf zephyrmancer
 10227 | Abyss:2  | Cast into level 2 of the Abyss (a wizard)
 10300 | Abyss:2  | Noticed a starcursed mass
 10306 | Abyss:2  | Noticed a soul eater
 10320 | Abyss:2  | Gained mutation: You are frail. (-10% HP) [a neqoxec]
 10324 | Abyss:2  | HP: 3/62 [starcursed mass/accursed screaming (5)]
 10325 | Abyss:2  | Killed from afar by a starcursed mass

Illustrated notes

Levels and vault maps discovered:
D:1:      amcnicky_arrival_underground_garden, layout_loops_ring
D:2:      layout_loops_corners, ebering_ecumenical_altar_petrified,
          chequers_decorated_corner, uniq_natasha, uniq_terence
D:3:      layout_basic, fedhas_altar_fruit_tree, serial_shops, shop,
          mrwooster_statue_mirror, minmay_diced_spiral, uniq_sigmund, uniq_robin
D:4:      nicolae_cairo_tiling_large, layout_rooms, uniq_grinder
D:5:      layout_loops_ring, minmay_temple_entry_trees,
          biasface_ghost_orc_armoury
D:6:      layout_basic, nicolae_ru_the_path_less_chosen,
          mainiacjoe_overflow_alcove_4, kennysheep_little_box,
          ebering_ghost_sewer_d
D:7:      layout_rooms, lemuel_round_altar, nicolae_ashenzari_skybound,
          makhleb_heckhound_becter, kennysheep_pointless_box
D:8:      layout_loops_ring, mainiacjoe_overflow_surrounded_room,
          serial_demonic, serial_demonic_c, serial_demonic_g, serial_demonic_d,
          serial_demonic_a, nicolae_doodle_vault
D:9:      layout_grid_maze, mainiacjoe_overflow_small_starburst,
          overflow_temple_1_default, serial_shops, shop
D:10:     layout_roguey, lemuel_crystal_altar, nzn_wu_jian_council_hall,
          general_overflow_altar, serial_shops, nicolae_square_shop,
          nicolae_blasting_shop, minmay_misc_feat_four_crosses, uniq_erica
D:11:     evilmike_iron_armoury, layout_basic, minmay_lair_entry_grove,
          minmay_beelzebubs_servants
D:12:     layout_loops_ring, gauntlet_entry_generic, bh_hangedman_babel_library,
          uniq_frances
D:13:     layout_cave_pools, grunt_vaults_entry_tiered
D:14:     layout_gridville, ebering_ghost_gozag, minivault_24, serial_shops,
          nicolae_shop_back_alley_shop, grunt_decor_arrowhead,
          kennysheep_generic_room_8, uniq_nessos
Temple:   grunt_temple_mini_profane
Abyss:2:  base: D:2, guppyfry_abyss_exit_imp_island, evilmike_abyss_exit_glass

Skill      XL: |  1  2  3  4  5  6  7  8  9 10 11 |
---------------+----------------------------------+-----
Spellcasting   | 3 4 5 |  5.0
Poison Magic   | 4 5 6 |  6.0
Polearms       | 3 6 8 10 | 10.3
Fighting       | 2 5 7 8 |  8.7
Earth Magic    | 5 |  5.8
Long Blades    | 6 |  6.8
Dodging        | |  1.5
Stealth        | |  2.1
Transmutations | |  0.7

Action                     |  1- 3 |  4- 6 |  7- 9 | 10-12 || total
---------------------------+-------+-------+-------+-------++-------
  Melee: Unarmed           |     7 |       |       |       ||     7
         Mace              |     7 |    41 |       |       ||    48
         Halberd           |       |    36 |   140 |   177 ||   353
         Demon blade       |       |       |       |    23 ||    23
   Cast: Sting             |    43 |    95 |    16 |       ||   154
         Poisonous Vapours |       |     5 |     3 |    11 ||    19
         Mephitic Cloud    |       |     1 |     2 |     1 ||     4
         Olgreb's Toxic Ra |       |       |    17 |    17 ||    34
         Lee's Rapid Decon |       |       |       |     2 ||     2
    Use: Potion            |     3 |     2 |       |     5 ||    10
         Scroll            |       |     3 |    10 |     9 ||    22
   Stab: Sleeping          |       |     2 |     5 |       ||     7
         Confused          |       |       |       |     2 ||     2
         Distracted        |       |       |       |     1 ||     1
 Armour: Robe              |    34 |    91 |    90 |   145 ||   360
         Skin              |     7 |       |       |       ||     7
  Dodge: Dodged            |    26 |    78 |    66 |    99 ||   269
  Block: Other             |       |       |       |    25 ||    25
         Reflection        |       |       |       |     3 ||     3

Table legend: (Time is in decaauts)
 A = Elapsed time spent in this place.
 B = Non-inter-level travel time spent in this place.
 C = Inter-level travel time spent in this place.
 D = Time resting spent in this place.
 E = Time spent auto-exploring this place.
 F = Levels seen in this place.
 G = Mean time per level.
                   A        B        C        D        E       F      G
               +--------+--------+--------+--------+--------+-----+--------+
         Total |  10374 |   9782 |    592 |    392 |   7811 |  16 |  648.4 |
       Dungeon |  10153 |   9700 |    453 |    343 |   7811 |  14 |  725.2 |
        Temple |    141 |      2 |    139 |      0 |      0 |   1 |  141.0 |
         Abyss |     79 |     79 |      0 |     49 |      0 |   1 |   79.0 |
               +--------+--------+--------+--------+--------+-----+--------+

Top non-repeatable levels by time:
     D:3: 1486 daAuts
     D:2: 1358 daAuts
     D:6: 1208 daAuts
    D:10: 1050 daAuts
     D:1: 964 daAuts
     D:5: 887 daAuts
     D:9: 819 daAuts
     D:4: 703 daAuts
     D:8: 635 daAuts
     D:7: 610 daAuts
    D:11: 349 daAuts
  Temple: 141 daAuts
 Abyss:2: 79 daAuts
    D:14: 53 daAuts
    D:12: 17 daAuts
